 Dungeon Crawl Stone Soup version 0.19.0-11-g3fc08b3 (webtiles) character file.

35 LORDOFBUTT the Shield-Bearer (level 3, -3/29 HPs)
             Began as a Formicid Fighter on Nov 8, 2016.
             Slain by a gnoll
             ... wielding a +0 halberd
              (9 damage)
             ... on level 1 of the Dungeon.
             The game lasted 00:01:26 (426 turns).

LORDOFBUTT the Shield-Bearer (Formicid Fighter)      Turns: 426, Time: 00:01:27

Health: -3/29      AC:  6    Str: 26    XL:     3   Next: 55%
Magic:  3/3        EV:  8    Int:  7    God:
Gold:   14         SH: 10    Dex: 10    Spells: 0 memorised, 2 levels left

rFire  . . .     SeeInvis +     a - +0 war axe
rCold  . . .     Gourm    .     b - +0 scale mail
rNeg   . . .     Faith    .     c - +0 shield
rPois  .         Spirit   .     (helmet unavailable)
rElec  .         Reflect  .     (no cloak)
rCorr  .         Harm     .     (no gloves)
MR     .....                    (no boots)
Stlth  ..........               (no amulet)
                                (no ring)
                                (no ring)

@: mighty
A: permanent stasis, dig shafts and tunnels, four strong arms, antennae 3
a: Dig, Shaft Self


You were on level 1 of the Dungeon.
You were not hungry.

You visited 1 branch of the dungeon, and saw 1 of its levels.

You collected 14 gold pieces.

Inventory:

Hand Weapons
 a - a +0 war axe (weapon)
Armour
 b - a +0 scale mail (worn)
 c - a +0 shield (worn)
Scrolls
 k - a scroll of enchant armour {unknown}
Potions
 d - a potion of might
 e - 2 potions of curing {unknown}
 g - a potion of heal wounds {unknown}
 i - a potion of agility {unknown}
 j - a potion of flight {unknown}
Comestibles
 f - 2 bread rations
 h - a meat ration


   Skills:
 + Level 3.5 Fighting
 + Level 2.5 Axes
 + Level 3.6 Armour
 + Level 0.1 Dodging
 + Level 4.2 Shields


You had 2 spell levels left.
You didn't know any spells.

Dungeon Overview and Level Annotations

Branches:
Dungeon (1/15)

Altars:


Innate Abilities, Weirdness & Mutations

You are under a permanent stasis effect.
You can dig through walls and to a lower floor.
Your four strong arms can wield two-handed weapons with a shield.
You have a pair of large antennae on your head. (SInv)


Message History

You kill the dart slug!
You barely miss the frilled lizard. You block the frilled lizard's attack.
You closely miss the frilled lizard. The frilled lizard bites you.
The frilled lizard barely misses you.
You hit the frilled lizard.
You kill the frilled lizard!
No target in view!
A gnoll comes into view. It is wielding a halberd.
The gnoll shouts!
A gnoll is nearby!
A gnoll is nearby!
The gnoll hits you from afar with a halberd!
Ouch! That really hurt!
* * * LOW HITPOINT WARNING * * *
You are too injured to fight recklessly!
You are too injured to fight recklessly!
You feel very mighty all of a sudden. You block the gnoll's attack.
You barely miss the gnoll. The gnoll hits you with a halberd!
You die...

.....###.##### ........# #.
.............#### ....... #.
................######...#######.
....#.........................##.
.#.###.###.##.##.###...††........
....##.###.............).........
........###...................##.
........#.....................##.
...)..8...†.....@................
...##.).##...>...g............###
....##.##......................#
.....#'#....................#..#
###..#(#.................#.....#
##..##⌠##...............#..#.#.##
....+⌠<⌠'..............#.....#...
....##⌠....######................
#.#..#+.........†..#.........##..


You could see a gnoll.

Vanquished Creatures
  A dart slug (D:1)
  2 leopard geckos (D:1)
  2 giant cockroaches (D:1)
  3 goblins (D:1)
  6 hobgoblins (D:1)
  A ball python (D:1)
  2 bats (D:1)
  3 frilled lizards (D:1)
  5 kobolds (D:1)
  7 rats (D:1)
32 creatures vanquished.

Notes
Turn   | Place    | Note
-------+----------+-------------------------------------------
     0 | D:1      | LORDOFBUTT the Formicid Fighter began the quest for the Orb.
     0 | D:1      | Reached XP level 1. HP: 18/18 MP: 1/1
    66 | D:1      | Reached XP level 2. HP: 17/24 MP: 2/2
   195 | D:1      | Reached XP level 3. HP: 15/29 MP: 3/3
   247 | D:1      | Reached skill level 4 in Shields
   426 | D:1      | Slain by a gnoll

Skill      XL: |  1  2  3 |
---------------+----------+-----
Shields        | 4 |  4.2
Fighting       | |  3.5
Axes           | |  2.5
Armour         | |  3.6
Dodging        | |  0.1

Action                   || total
-------------------------++-------
Melee: War axe           ||    90
 Abil: Dig               ||     5
  Use: Potion            ||     1
Armor: Scale mail        ||    57
Dodge: Dodged            ||    34
Block: Shield            ||    60
